 Dungeon Crawl Stone Soup version 0.20-a0-795-ga03948b (webtiles) character file.

2284 Alarkh the Carver (level 9, -1/78 HPs)
             Began as a Demonspawn Monk on Mar 1, 2017.
             Was a Priest of Okawaru.
             Slain by a sky beast (4 damage)
             ... on level 5 of the Dungeon.
             The game lasted 00:05:51 (5571 turns).

Alarkh the Carver (Demonspawn Monk)                 Turns: 5571, Time: 00:05:53

Health: -1/78      AC: 11    Str: 13    XL:     9   Next: 17%
Magic:  9/9        EV: 14    Int: 18    God:    Okawaru [***...]
Gold:   15         SH:  4    Dex: 15    Spells: 8/8 levels left

rFire    + . .     SeeInvis .   a - +0 dagger (elec)
rCold    . . .     Gourm    .   i - +1 ring mail {rPois}
rNeg     . . .     Faith    .   (no shield)
rPois    +         Spirit   .   (helmet restricted)
rElec    .         Reflect  +   f - +0 cloak
rCorr    .         Harm     .   (no gloves)
MR       .....                  m - +0 pair of boots
Stlth    +.........             l - +4 amulet of reflection
Regen    0.3/turn               (no ring)
MPRegen  0.2/turn               y - +4 ring of intelligence

@: no status effects
A: antennae 2, slimy green scales 2, fire resistance 1, robust 1, wild magic 1
a: Heroism, Renounce Religion


You were on level 5 of the Dungeon.
You worshipped Okawaru.
Okawaru was most pleased with you.
You were not hungry.

You visited 2 branches of the dungeon, and saw 6 of its levels.

You collected 210 gold pieces.
You spent 195 gold pieces at shops.

Inventory:

Hand Weapons
 a - a +0 dagger of electrocution (weapon)
 h - a +1 short sword of freezing
 q - a +0 falchion
Armour
 b - a +0 robe
 f - a +0 cloak (worn)
 i - a +1 ring mail of poison resistance (worn)
 m - a +0 pair of boots (worn)
Jewellery
 l - a +4 amulet of reflection (around neck)
 w - an uncursed amulet of magic regeneration
 y - a +4 ring of intelligence (left hand)
Wands
 u - a wand of iceblast (8/15)
Scrolls
 d - a scroll of blinking {unknown}
 e - 2 scrolls of enchant weapon {unknown}
 g - a scroll of magic mapping {unknown}
 j - a scroll of teleportation {unknown}
 n - 2 scrolls of immolation {unknown}
 o - 3 scrolls of remove curse {unknown}
 p - 2 scrolls of enchant armour {unknown}
 r - a scroll of identify {unknown}
 s - a scroll of fear {unknown}
 x - a scroll of recharging {unknown}
Potions
 v - a potion of curing
 B - 2 potions of haste
 C - a potion of cancellation
Books
 D - a book of Flames

   Spells                             Type                      Level
   a - Flame Tongue                   Conjuration/Fire             1
   b - Throw Flame                    Conjuration/Fire             2
   c - Conjure Flame                  Conjuration/Fire             3
   d - Inner Flame                    Hexes/Fire                   3
   e - Sticky Flame                   Conjuration/Fire             4
   f - Fireball                       Conjuration/Fire             5
Comestibles
 c - 2 bread rations
 k - 3 meat rations
 z - 2 chunks of flesh
 A - a royal jelly


   Skills:
 + Level 6.9 Fighting
 * Level 8.4 Long Blades
 + Level 6.2 Dodging
 - Level 1.7 Stealth


You had 8 spell levels left.
You didn't know any spells.

Dungeon Overview and Level Annotations

Branches:
Dungeon (5/15)             Temple (1/1) D:4

Altars:
Ashenzari
Cheibriados
Dithmenos
Elyvilon
Fedhas
Hepliaklqana
Kikubaaqudgha
Makhleb
Nemelex Xobeh
Okawaru
Qazlal
Ru
Sif Muna
Vehumet
Wu Jian
Xom
Yredelemnul
Zin
The Shining One

Shops:
D:4 !


Innate Abilities, Weirdness & Mutations

You have a pair of antennae on your head.
You are mostly covered in slimy green scales. (AC +3)
Your flesh is heat resistant. (rF+)
You are robust. (+10% HP)
Your spells are a little harder to cast, but a little more powerful.


Message History

You hit the sky beast but do no damage.
The sky beast is lightly wounded.
The sky beast hits you but does no damage.
You hit the sky beast but do no damage.
The sky beast is lightly wounded.
You block the sky beast's attack.
You closely miss the sky beast.
The sky beast is lightly wounded.
The sky beast flickers out of sight!
Deactivating autopickup; reactivate with Ctrl-A.
Something hits you.
* * * LOW HITPOINT WARNING * * *
Something shocks you.
* * * LOW HITPOINT WARNING * * *
You hit something but do no damage. You miss something.
Something hits you but does no damage.
You hit something. Something barely misses you.
You hit something. You closely miss something. Something hits you.
You die...

## ###. #...# #.#.<## ## #
###.#...#### #....#
...........###)...#
........##..##.[..#########
.####.#.###.##.....#.#.#.#.
.....≈.)){@.......#.#.#.#.#
##....#)###.##.....#.#.#.#.
...##.#.# #..##+#.#.#.#.#.#
##.#..).# ##.#.#.#.#.#.#.#.
#......$# #.##.#.#.#.#.#.#
........# #.#.#.#.#.#.#.#.
....#...# #..#.#.#.#.#.#.#
.........g ##..#.#.#.#.#.#.
.........{ #.#.#.#.#.#p#.#


There were no monsters in sight!

Vanquished Creatures
  Pikel (D:5)
  Sigmund (D:3)
  3 yaks (D:4)
  An ice beast (D:5)
  A phantom (D:4)
  An ogre (D:5)
  A centaur (D:5)
  A wyvern zombie (D:4)
  A scorpion (D:4)
  A howler monkey (D:5)
  A crimson imp (D:5)
  An orc priest (D:4)
  A gnoll shaman (D:4)
  4 orc wizards
  Natasha (thrice) (D:3 D:5)
  An iguana (D:4)
  3 worker ants
  Ijyb (D:3)
  A hound skeleton (D:4)
  Robin (D:2)
  11 gnolls
  6 adders
  2 adder skeletons
  A worm (D:2)
  4 dart slugs
  7 leopard geckos
  18 orcs
  3 ball pythons
  5 bats
  6 giant cockroaches
  17 goblins
  4 hobgoblins
  6 jackals
  A quokka (D:4)
  7 frilled lizards
  11 kobolds
  12 rats
150 creatures vanquished.

Vanquished Creatures (others)
  A shadow imp (D:5)
  A giant cockroach (D:5)
2 creatures vanquished.

Grand Total: 152 creatures vanquished

Notes
Turn   | Place    | Note
-------+----------+-------------------------------------------
     0 | D:1      | Alarkh the Demonspawn Monk began the quest for the Orb.
     0 | D:1      | Reached XP level 1. HP: 18/18 MP: 1/1
   216 | D:1      | Gained mutation: Your flesh is heat resistant. (rF+) [demonic ancestry]
   216 | D:1      | Reached XP level 2. HP: 17/24 MP: 2/2
   328 | D:1      | Reached skill level 3 in Long Blades
   850 | D:1      | Gained mutation: You have a pair of small antennae on your head. [demonic ancestry]
   850 | D:1      | Reached XP level 3. HP: 28/29 MP: 3/3
  1244 | D:2      | Noticed Robin
  1410 | D:2      | Killed Robin
  1419 | D:2      | Reached XP level 4. HP: 31/37 MP: 4/4
  1530 | D:2      | Found a stormy altar of Qazlal.
  1532 | D:2      | Found a glowing silver altar of Zin.
  1557 | D:2      | Found a deep blue altar of Sif Muna.
  1776 | D:2      | Found a shimmering altar of Xom.
  1855 | D:2      | Found a white marble altar of Elyvilon.
  2358 | D:2      | Reached skill level 4 in Long Blades
  2561 | D:3      | Noticed Sigmund
  2572 | D:3      | Gained mutation: You expend magic power (3 MP) to strengthen your wands. [potion of mutation]
  2572 | D:3      | Lost mutation: You expend magic power (3 MP) to strengthen your wands. [potion of mutation]
  2572 | D:3      | Gained mutation: Your spells are a little harder to cast, but a little more powerful. [potion of mutation]
  2572 | D:3      | Gained mutation: You are robust. (+10% HP) [potion of mutation]
  2578 | D:3      | Killed Sigmund
  2578 | D:3      | Reached XP level 5. HP: 35/46 MP: 5/5
  2578 | D:3      | Gained mutation: You have a pair of antennae on your head. [demonic ancestry]
  2578 | D:3      | Reached XP level 6. HP: 40/52 MP: 6/6
  2781 | D:3      | Noticed Natasha
  2782 | D:3      | Noticed Ijyb
  2794 | D:3      | Killed Natasha
  2800 | D:3      | Killed Ijyb
  2800 | D:3      | Reached skill level 5 in Long Blades
  3006 | D:3      | Noticed Natasha
  3014 | D:3      | Killed Natasha
  3143 | D:3      | Found an ornate altar of the Wu Jian Council.
  3336 | D:3      | Found a glowing golden altar of the Shining One.
  3718 | D:4      | Gained mutation: You are partially covered in slimy green scales. (AC +2) [demonic ancestry]
  3718 | D:4      | Reached XP level 7. HP: 57/60 MP: 7/7
  3787 | D:4      | Reached skill level 5 in Fighting
  4152 | D:4      | Reached skill level 6 in Long Blades
  4354 | D:4      | Found a staircase to the Ecumenical Temple.
  4363 | Temple   | Entered the Ecumenical Temple
  4383 | Temple   | Became a worshipper of Warmaster Okawaru
  4383 | Temple   | Reached * piety under Okawaru
  4383 | Temple   | Reached ** piety under Okawaru
  4470 | D:4      | Noticed a yak
  4470 | D:4      | Noticed a yak
  4471 | D:4      | Noticed a yak
  4476 | D:4      | Killed a yak
  4482 | D:4      | Killed a yak
  4482 | D:4      | Reached skill level 5 in Dodging
  4482 | D:4      | Reached XP level 8. HP: 40/69 MP: 8/8
  4664 | D:4      | Found a snail-covered altar of Cheibriados.
  4713 | D:4      | Found a snail-covered altar of Cheibriados.
  4725 | D:4      | Reached skill level 7 in Long Blades
  4968 | D:4      | Found Acyos's Distillery.
  4977 | D:4      | Bought a potion of heal wounds for 65 gold pieces
  4977 | D:4      | Bought a potion of haste for 130 gold pieces
  5122 | D:5      | Entered Level 5 of the Dungeon
  5209 | D:5      | Noticed Pikel
  5240 | D:5      | Killed Pikel
  5240 | D:5      | Reached *** piety under Okawaru
  5240 | D:5      | Reached skill level 8 in Long Blades
  5253 | D:5      | Gained mutation: You are mostly covered in slimy green scales. (AC +3) [demonic ancestry]
  5253 | D:5      | Reached XP level 9. HP: 60/78 MP: 9/9
  5341 | D:5      | Noticed Natasha
  5347 | D:5      | Killed Natasha
  5566 | D:5      | HP: 3/78 [something (5)]
  5571 | D:5      | Slain by a sky beast

Vault maps used:
D:1:      ncdulo_wetmaze
D:2:      old_standard_altar, elyvilon_altar_4, nicolae_overflow_hidden_temple,
          uniq_robin
D:3:      tso_altar, nicolae_overflow_crystal_walls, uniq_natasha, uniq_iyjb,
          uniq_sigmund
D:4:      kennysheep_slug_shrine, temple_hall, serial_shops, shop, minivault_5,
          kennysheep_small_circle
D:5:      first_bread, uniq_pikel
Temple:   minmay_freezing_vapour_temple

Skill      XL: |  1  2  3  4  5  6  7  8 |
---------------+-------------------------+-----
Long Blades    | 3 4 5 6 8 |  8.4
Dodging        | 3 4 5 6 |  6.2
Fighting       | 4 5 6 |  6.9
Stealth        | |  1.7

Action                   |  1- 3 |  4- 6 |  7- 9 || total
-------------------------+-------+-------+-------++-------
Melee: Falchion          |    18 |       |       ||    18
       Short sword       |    82 |   104 |       ||   186
       Dagger            |       |   127 |   258 ||   385
       Unarmed           |       |       |     2 ||     2
  Use: Potion            |       |     6 |     2 ||     8
 Stab: Sleeping          |     6 |     2 |       ||     8
  Eat: Chunk             |     2 |     7 |     6 ||    15
Armor: Robe              |    20 |    27 |       ||    47
       Ring mail         |       |    20 |    79 ||    99
Dodge: Dodged            |    80 |   146 |   165 ||   391
Block: Other             |     6 |    31 |    48 ||    85
       Rpst.: Falchion   |     5 |       |       ||     5
